 Dungeon Crawl Stone Soup version 0.30-a0-469-g84de5afbc5 (webtiles) character file.

Game seed: 15052363531999880575

84 Dordric the Magician (level 4, 0/34 HPs)
             Began as a Djinni Air Elementalist on Dec 19, 2022.
             Killed by nerve-wracking pain
             ... invoked by a shadow imp
             ... summoned by Natasha
              (10 damage)
             ... on level 3 of the Dungeon.
             The game lasted 00:02:12 (1548 turns).

Dordric the Magician (Djinni Air Elementalist)      Turns: 1548, Time: 00:02:13

Health: 0/34       AC:  4    Str:  7    XL:     4   Next: 74%
Gold:   78         EV: 12    Int: 17    God:
                   SH:  0    Dex: 15

rFire   + + .      SeeInvis .    f - +1 dagger (vamp)
rCold   x . .      Faith    .    (no shield)
rNeg    . . .      Spirit   .    a - +0 robe
rPois   ∞          Reflect  .    g - +1 helmet
rElec   .          Harm     .    (no cloak)
rCorr   +          Rampage  .    (no gloves)
Will    .....                    (boots unavailable)
Stlth   ++........               (no amulet)
HPRegen 0.25/turn                d - ring of resist corrosion
MPRegen 0.00/turn                (no ring)

@: flying
A: sickness immunity, fire resistance 2, cold vulnerability 1, float, innate
caster, HP casting, extra vitality 1
a: no special abilities


You were on level 3 of the Dungeon.
You visited 1 branch of the dungeon, and saw 3 of its levels.

You collected 78 gold pieces.

Inventory:

Hand Weapons
 f - a +1 vampiric dagger (weapon)
Armour
 a - a +0 robe (worn)
 g - a +1 helmet (worn)
Jewellery
 d - a ring of resist corrosion (left hand)
Scrolls
 c - a scroll of noise {unknown}
 e - 6 scrolls of identify {unknown}
 h - 3 scrolls of enchant weapon {unknown}
 j - 2 scrolls of vulnerability {unknown}
 k - a scroll of magic mapping {unknown}
 l - a scroll of teleportation {unknown}
 m - a scroll of fog {unknown}
 n - a scroll of blinking {unknown}
Potions
 b - a potion of mutation {unknown}
 i - a potion of brilliance {unknown}
 o - a potion of invisibility {unknown}


   Skills:
 + Level 2.6 Fighting
 - Level 2.1 Dodging
 - Level 1.5 Stealth
 + Level 3.2 Spellcasting


You couldn't memorise any spells.
You knew the following spells:

 Your Spells              Type           Power      Damage    Failure   Level
a - Shock                 Conj/Air       56%        1d6       4%          1
b - Static Discharge      Conj/Air       28%        2-4/arc   7%          2
c - Swiftness             Air            14%        N/A       13%         3
d - Airstrike             Air            7%         2d(1-17)  41%         4
e - Foxfire               Conj/Fire      56%        2x1d6     4%          1
Your spell library was empty.

Dungeon Overview and Level Annotations

Branches:
Dungeon (3/15)

Altars:

Annotations:
D:3 Natasha


Innate Abilities, Weirdness & Mutations

You are immune to sickness and miasma.
You are immune to poison.
Your flesh is very heat resistant. (rF++)
You are vulnerable to cold. (rC-)
You float through the air rather than walking.
You learn spells naturally, not from books.
Your magical power is your life essence.
You have superior vitality. (+4 MHP)


Message History

A frilled lizard is nearby!
The frilled lizard hisses angrily.
The zap hits the frilled lizard.
You kill the frilled lizard!
You now have 78 gold pieces (gained 18).
There is an open door here.
Found a stone staircase leading down.
Natasha, Servant of Life and Death comes into view.
Natasha is nearby!
Natasha is nearby!
The zap hits Natasha.
Natasha is lightly wounded.
Natasha hisses angrily.
Natasha casts a spell.
The zap hits Natasha.
Natasha is lightly wounded.
The zap misses the shadow imp.
Natasha howls an incantation.
You feel troubled.
Natasha stares at you and mumbles some strange words.
The magic dart hits you!
The zap hits Natasha.
Natasha is heavily wounded.
The zap misses the shadow imp.
Natasha casts a spell at you. The magic dart hits you.
The shadow imp barely misses you.
Casting: Shock (safe; 4% risk of failure)
Confirm with . or Enter, or press ? or * to list all spells.
Aiming: Shock (safe; 4% risk of failure)
Press: ? - help, Shift-Dir - straight line, f - Natasha, p - shadow imp
Aim: Natasha (heavily wounded, 64% to hit)
The zap hits the shadow imp.
The shadow imp is lightly wounded.
The zap misses Natasha.
Natasha casts a spell at you. The magic dart hits you!
* * * LOW HITPOINT WARNING * * *
The shadow imp gestures at you. Pain shoots through your body!
You die...

#†....##
.......#########
~###.#.........#
≈#.#...........###
≈#.###.........'.#
≈#.............#.#
≈#.###.........#.#
≈#.#...........#.#
~###...#########@##
.................5.>....
#####......<####.h......
######### #........
#.##+#.## #.# .. #.# #
#..


You could see Natasha and a shadow imp (summoned).

Vanquished Creatures
  Natasha (D:3)
  2 adders (D:2)
  A dart slug (D:2)
  A ball python (D:1)
  5 bats (D:2)
  An endoplasm (D:1)
  A giant cockroach (D:2)
  6 goblins
  4 hobgoblins
  5 kobolds
  5 frilled lizards
  7 rats
39 creatures vanquished.

Vanquished Creatures (others)
  6 foxfires (D:2)
6 creatures vanquished.

Grand Total: 45 creatures vanquished

Notes
Turn   | Place    | Note
-------+----------+-------------------------------------------
     0 | D:1      | Dordric the Djinni Air Elementalist began the quest for the
                  | Orb.
     0 | D:1      | Dordric set off with the following spells memorised: Shock,
                  | Static Discharge, Swiftness, Airstrike.
     0 | D:1      | Reached XP level 1. HP: 15/15 MP: 0/0
   111 | D:1      | Reached XP level 2. HP: 20/22 MP: 0/0
   148 | D:1      | Reached skill level 1 in Fighting
   771 | D:2      | Reached XP level 3. HP: 26/27 MP: 0/0
   771 | D:2      | Learned a level 1 spell: Foxfire
   961 | D:2      | Reached skill level 3 in Spellcasting
  1103 | D:2      | Reached XP level 4. HP: 25/33 MP: 0/0
  1494 | D:3      | Noticed Natasha
  1507 | D:3      | Killed Natasha
  1542 | D:3      | Noticed Natasha
  1548 | D:3      | Killed from afar by a shadow imp

Illustrated notes

Levels and vault maps discovered:
D:1:      minmay_arrival_nine_rooms, layout_basic, minmay_tetromino_o2
D:2:      layout_loops_ring
D:3:      layout_basic, minitemple, basic_ecumenical_altar, grunt_decor_cap,
          serial_bayou_crossing, uniq_natasha

Skill      XL: |  1  2  3 |
---------------+----------+-----
Fighting       | 1 2 |  2.6
Spellcasting   | 3 |  3.2
Dodging        | |  2.1
Stealth        | |  1.5

Action                   |  1- 3 |  4- 6 || total
-------------------------+-------+-------++-------
Melee: Dagger            |    48 |     9 ||    57
 Cast: Shock             |    25 |    16 ||    41
       Static Discharge  |     4 |     1 ||     5
       Foxfire           |     3 |       ||     3
 Stab: Sleeping          |     2 |     1 ||     3
Armor: Robe              |    13 |     2 ||    15
Dodge: Dodged            |    28 |     7 ||    35

Table legend: (Time is in decaauts)
 A = Elapsed time spent in this place.
 B = Non-inter-level travel time spent in this place.
 C = Inter-level travel time spent in this place.
 D = Time resting spent in this place.
 E = Time spent auto-exploring this place.
 F = Levels seen in this place.
 G = Mean time per level.
                   A        B        C        D        E       F      G
               +--------+--------+--------+--------+--------+-----+--------+
         Total |   1546 |   1494 |     52 |      0 |   1200 |   3 |  515.3 |
       Dungeon |   1546 |   1494 |     52 |      0 |   1200 |   3 |  515.3 |
               +--------+--------+--------+--------+--------+-----+--------+

Top non-repeatable levels by time:
     D:1: 760 daAuts
     D:2: 721 daAuts
     D:3: 64 daAuts
